 Dungeon Crawl Stone Soup version 0.30-a0-800-g7c544603b3 (webtiles) character file.

Game seed: 1719384984602587290

119 ryw the Trooper (level 4, -5/38 HPs)
             Began as a Demonspawn Monk on Feb 21, 2023.
             Slain by a gnoll
             ... wielding a +0 flail
              (9 damage)
             ... on level 2 of the Dungeon.
             The game lasted 00:03:22 (1758 turns).

ryw the Trooper (Demonspawn Monk)                   Turns: 1758, Time: 00:03:22

Health: -5/38      AC:  6    Str: 11 (13) XL:     4   Next: 73%
Magic:  4/4        EV: 11    Int:  9 (12) God:
Gold:   107        SH:  0    Dex: 12 (15) Spells: 3/3 levels left

rFire   . . .      SeeInvis .    n - +3 halberd
rCold   . . .      Faith    .    (shield currently unavailable)
rNeg    . . .      Spirit   .    i - +0 ring mail
rPois   .          Reflect  .    (no helmet)
rElec   .          Harm     .    d - +0 cloak
rCorr   .          Rampage  .    (no gloves)
Will    .....                    (no boots)
Stlth   +                        (no amulet)
HPRegen 0.26/turn                (no ring)
MPRegen 0.09/turn                (no ring)

@: brilliant, invisible
A: powered by pain 1, MP-powered wands
a: no special abilities


You were on level 2 of the Dungeon.
You visited 1 branch of the dungeon, and saw 2 of its levels.

You collected 107 gold pieces.

Inventory:

Hand Weapons
 n - a +3 halberd (weapon)
Missiles
 f - a throwing net (quivered)
Armour
 d - a +0 cloak (worn)
 i - a +0 ring mail (worn)
Scrolls
 c - 2 scrolls of noise {unknown}
 g - 3 scrolls of identify {unknown}
 h - a scroll of brand weapon {unknown}
 j - a scroll of vulnerability {unknown}
 k - 2 scrolls of teleportation {unknown}


   Skills:
 + Level 4.4 Fighting
 + Level 4.0 Dodging
 - Level 1.7 Stealth
 - Level 2.6 Unarmed Combat


You had 3 spell levels left.
You didn't know any spells.
Your spell library contained the following spells:

 Spells                   Type           Power      Damage    Failure   Level
 Cigotuvi's Dreadful Rot  Necr/Pois/Air  0%         N/A       83%         2
 Poisonous Vapours        Pois/Air       0%         N/A       83%         2
 Mephitic Cloud           Conj/Pois/Air  0%         N/A       96%         3


Dungeon Overview and Level Annotations

Branches:
Dungeon (2/15)

Altars:
Vehumet


Innate Abilities, Weirdness & Mutations

You sometimes gain a little power by taking damage.
You expend magic power (3 MP) to strengthen your wands.


Message History

The gnoll hits you but does no damage. The gnoll closely misses you.
You closely miss the gnoll.
The gnoll is severely wounded.
The gnoll hits you with a +0 whip. x2
You hit the gnoll but do no damage.
The gnoll is severely wounded.
The gnoll hits you with a +0 whip. The gnoll misses you.
You feel less invigorated.
You feel less confused. The gnoll barely misses you.
You puncture the gnoll!
You kill the gnoll!
The gnoll closely misses you.
You barely miss the gnoll.
The gnoll hits you from afar with a +0 spear.
The gnoll hits you with a +0 flail.
You closely miss the gnoll.
The gnoll hits you from afar with a +0 spear.
The gnoll hits you with a +0 flail.
The gnoll hits you from afar with a +0 spear.
The gnoll barely misses you.
It was a potion of brilliance.
You feel clever all of a sudden.
The gnoll hits you from afar with a +0 spear.
* * * LOW HITPOINT WARNING * * *
The gnoll closely misses you.
It was a potion of degeneration.
There was something very wrong with that liquid.
You feel weakened.
You feel dopey.
You feel clumsy. The gnoll closely misses you.
The gnoll hits you with a +0 flail!
* * * LOW HITPOINT WARNING * * *
It was a potion of mutation.
You feel extremely strange.
You feel your magical essence link to the dungeon's wands.
The gnoll misses you. x2
It was a potion of invisibility.
You fade into invisibility!
The gnoll completely misses you. The gnoll barely misses you.
It was a potion of magic.
Magic courses through your body. The gnoll barely misses you.
The gnoll hits you with a +0 flail!
You die...

###.........#...#...##
#....#....#...#.#..##
#....#....#..##)#....
#....#....#..##.#.###
#....'....'.......# #
####.#....#..#..###
#g#....#.......#
#g#....#.....#.###
#@#....#..#..#.#.#
#.#..............#
#.######.###.....#
#####........###...#.#
#..............#.#.#.#
#..............#......
#.............<.......
#.....................
#.....................


You could see 2 gnolls.

Vanquished Creatures
  2 gnolls (D:2)
  5 adders (D:2)
  6 bats
  4 endoplasms (D:1)
  2 giant cockroaches
  6 goblins
  7 hobgoblins
  3 jackals (D:1)
  3 quokkas
  7 ball pythons
  2 kobolds
  6 rats
53 creatures vanquished.

Notes
Turn   | Place    | Note
-------+----------+-------------------------------------------
     0 | D:1      | ryw the Demonspawn Monk began the quest for the Orb.
     0 | D:1      | Reached XP level 1. HP: 18/18 MP: 1/1
   167 | D:1      | Gained mutation: You sometimes gain a little power by
                  | taking damage. [demonic ancestry]
   167 | D:1      | Reached XP level 2. HP: 24/24 MP: 2/2
   581 | D:1      | Reached XP level 3. HP: 26/29 MP: 3/3
  1127 | D:2      | Found a radiant altar of Vehumet.
  1281 | D:2      | Reached XP level 4. HP: 37/37 MP: 4/4
  1744 | D:2      | HP: 1/38 [gnoll/+0 whip (2)]
  1756 | D:2      | Gained mutation: You expend magic power (3 MP) to
                  | strengthen your wands. [potion of mutation]
  1758 | D:2      | Slain by a gnoll

Illustrated notes

Levels and vault maps discovered:
D:1:      eino_arrival_water_cross, layout_rooms
D:2:      layout_basic, basic_altar

Skill      XL: |  1  2  3  4 |
---------------+-------------+-----
Dodging        | 3 4 |  4.0
Fighting       | 4 |  4.4
Stealth        | |  1.7
Unarmed Combat | |  2.6

Action                     |  1- 3 |  4- 6 || total
---------------------------+-------+-------++-------
  Melee: Unarmed           |    80 |       ||    80
         Dagger            |   107 |    16 ||   123
         Punch             |     3 |       ||     3
         Halberd           |       |    36 ||    36
    Use: Potion            |       |     6 ||     6
   Stab: Sleeping          |     2 |       ||     2
 Armour: Robe              |    35 |       ||    35
         Ring mail         |    34 |    11 ||    45
  Dodge: Dodged            |   147 |    52 ||   199

Table legend: (Time is in decaauts)
 A = Elapsed time spent in this place.
 B = Non-inter-level travel time spent in this place.
 C = Inter-level travel time spent in this place.
 D = Time resting spent in this place.
 E = Time spent auto-exploring this place.
 F = Levels seen in this place.
 G = Mean time per level.
                   A        B        C        D        E       F      G
               +--------+--------+--------+--------+--------+-----+--------+
         Total |   1771 |   1720 |     51 |    148 |   1056 |   2 |  885.5 |
       Dungeon |   1771 |   1720 |     51 |    148 |   1056 |   2 |  885.5 |
               +--------+--------+--------+--------+--------+-----+--------+

Top non-repeatable levels by time:
     D:1: 918 daAuts
     D:2: 853 daAuts
